 Dungeon Crawl Stone Soup version 0.31.0-9-g3a7656b989 (webtiles) character file.

Game seed: 17302199778065629011

3028 qw the Skirmisher (level 9, -4/53 HPs)
             Began as a Deep Elf Hunter on Feb 2, 2024.
             Was an Initiate of Okawaru.
             Shot with a sling bullet by Joseph (12 damage)
             ... on level 7 of the Dungeon.
             The game lasted 00:00:34 (5287 turns).

qw the Skirmisher (Deep Elf Hunter)                 Turns: 5287, Time: 00:00:35

Health: -4/53      AC: 14    Str: 12    XL:     9   Next: 56%
Magic:  11/11      EV: 18    Int: 10    God:    Okawaru [......]
Gold:   289        SH:  0    Dex: 27    Spells: 8/8 levels left

rFire   + + +        g - +4 shortbow (freeze)
rCold   x x .        (shield currently unavailable)
rNeg    . . .        j - +0 fire dragon scales
rPois   .            (no helmet)
rElec   .            (no cloak)
rCorr   .            i - +2 pair of gloves
SInv    +            m - +1 pair of boots of Metugo {rF+}
Will    .....        (no amulet)
Stlth   +            d - ring "Faiprega" {Fire ^Drain Int-5 Dex+9 SInv}
HPRegen 0.28/turn    a - +5 ring of evasion
MPRegen 0.12/turn

%: no passive effects
@: about to teleport
A: no striking features
a: Renounce Religion


You were on level 7 of the Dungeon.
You worshipped Okawaru.
Okawaru was noncommittal.
You visited 2 branches of the dungeon, and saw 8 of its levels.

You collected 339 gold pieces.
You spent 50 gold pieces at shops.


   Skills:
 + Level 4.8 Fighting
 - Level 14.0 Ranged Weapons
 - Level 3.0 Armour
 - Level 7.1 Dodging
 - Level 1.2 Stealth


You had 8 spell levels left.
You didn't know any spells.
Your spell library was empty.

Inventory:

Hand Weapons
 g - a +4 shortbow of freezing (weapon)
Armour
 b - a +0 ring mail
 i - a +2 pair of gloves (worn)
 j - +0 fire dragon scales (worn)
 m - the +1 pair of boots of Metugo (worn) {rF+}
   (You found it on level 6 of the Dungeon)

   rF+:       It protects you from fire.
Jewellery
 a - a +5 ring of evasion (right hand)
 d - the ring "Faiprega" (left hand) {Fire ^Drain Int-5 Dex+9 SInv}
   (You found it on level 2 of the Dungeon)

   [ring of fire]

   Fire:      It enhances your fire magic.
   Int-5:     It affects your intelligence (-5).
   Dex+9:     It affects your dexterity (+9).
   rF+:       It protects you from fire.
   rC-:       It makes you vulnerable to cold.
   SInv:      It lets you see invisible.
   ^Drain:    It drains your maximum health when unequipped.
 n - a +6 ring of intelligence
Wands
 k - a wand of polymorph (11)
Scrolls
 e - a scroll of identify
 o - a scroll of immolation {unknown}
Potions
 c - a potion of might
 f - 2 potions of curing
 h - a potion of enlightenment
 l - 2 potions of heal wounds

Dungeon Overview and Level Annotations

Branches:
Dungeon (7/15)             Temple (1/1) D:6

Altars:
Ashenzari
Cheibriados
Dithmenos
Elyvilon
Fedhas
Gozag
Kikubaaqudgha
Nemelex Xobeh
Okawaru
Qazlal
Sif Muna
Trog
Uskayaw
Vehumet
Wu Jian
Xom
Yredelemnul
Zin
The Shining One

Shops:
D:4 :(*[(

Annotations:
D:5 2 transporters, qw's ghost, novice DjHu
D:7 Dowan; Joseph


Message History

You now have 289 gold pieces (gained 19).
Found an escape hatch in the ceiling.
Enter note:
Enter note:
Found a rapier.
o - a scroll labelled VUSTRU DAFAIMP You shoot an arrow.
Joseph shouts!
The arrow hits Joseph!
The arrow freezes Joseph.
Joseph is lightly wounded.
You shoot an arrow. The arrow hits Joseph.
The arrow freezes Joseph.
Joseph is moderately wounded.
Joseph shoots a sling bullet.
The sling bullet closely misses you.
You shoot an arrow. The arrow hits Joseph.
The arrow freezes Joseph.
Joseph is moderately wounded.
Joseph shoots a sling bullet.
The sling bullet hits you. The sling bullet freezes you.
You shoot an arrow. The arrow barely misses Joseph.
Joseph shoots a sling bullet.
The sling bullet barely misses you.
You shoot an arrow. The arrow hits Joseph!
The arrow freezes Joseph.
Joseph is heavily wounded.
Joseph shoots a sling bullet.
The sling bullet closely misses you.
You shoot an arrow. The arrow hits Joseph!
The arrow freezes Joseph.
Joseph is heavily wounded.
Joseph shoots a sling bullet.
The sling bullet closely misses you.
You shoot an arrow. The arrow hits Joseph.
The arrow freezes Joseph.
Joseph is severely wounded.
Joseph shoots a sling bullet.
The sling bullet hits you! The sling bullet freezes you.
You shoot an arrow. The arrow hits Joseph.
The arrow freezes Joseph.
Joseph is severely wounded.
You shoot an arrow. The arrow hits Joseph!
The arrow freezes Joseph.
Joseph is almost dead.
Joseph shoots a sling bullet.
The sling bullet hits you!! The sling bullet freezes you!
5287 ||| READING scroll of teleportation.
As you read the scroll of teleportation, it crumbles to dust.
You feel strangely unstable.
Joseph shoots a sling bullet.
The sling bullet hits you!
You die...

#>...........#
###..#.........#
#....#.<.#.##### ####
#.#....#.#.# .....
#...##...#.######)....
###.##.###.#.........
...#.###.#......#
....#............#
.....#........@..)#
......#...............#
#......#...............#
##.#...#.<......##.....#
#...@...## ###.##
.......... # #########.#
..


You could see Joseph.

Vanquished Creatures
  Pikel (D:5)
  Grinder (D:4)
  3 yaks (D:5)
  2 ice beasts
  Duvessa (D:7)
  2 sky beasts
  A black bear (D:4)
  A lemure (D:5)
  4 phantoms
  A kobold brigand (D:7)
  2 scorpions
  A jelly (D:5)
  3 bombardier beetles
  A gnoll bouda (D:6)
  An orc priest (D:5)
  5 hounds
  2 sleepcaps (D:5)
  4 iguanas
  7 orc wizards
  5 gnolls (D:6)
  8 adders
  2 shadow imps
  A white imp (D:6)
  2 ufetubi (D:6)
  An adder zombie (D:2)
  2 ribbon worms
  2 dart slugs
  20 orcs
  6 bats
  A bat zombie (D:2)
  7 endoplasms
  3 giant cockroaches
  4 goblins
  13 hobgoblins
  4 jackals (D:2)
  9 kobolds
  2 quokkas
  11 ball pythons
  A ball python skeleton (D:2)
  5 frilled lizards
  A quokka skeleton (D:2)
  3 rats
  A butterfly (D:6)
157 creatures vanquished.

Notes
Turn   | Place    | Note
-------+----------+-------------------------------------------
     0 | D:1      | qw the Deep Elf Hunter began the quest for the Orb.
     0 | D:1      | Reached XP level 1. HP: 12/12 MP: 3/3
     0 | D:1      | 0 ||| qw: Version: 0.3-a-155-g5e7d8dd
     0 | D:1      | 0 ||| qw: Game counter: 1931
     0 | D:1      | 0 ||| qw: Melee chars always use a shield: true
     0 | D:1      | 0 ||| qw: God list: Okawaru
     0 | D:1      | 0 ||| qw: Allow faded altars: false
     0 | D:1      | 0 ||| qw: Do Orc after clearing Dungeon:15 true
     0 | D:1      | 0 ||| qw: Do second Lair branch before Depths: true
     0 | D:1      | 0 ||| qw: Lair rune preference: random
     0 | D:1      | 0 ||| qw: Goals: Normal
     0 | D:1      | 0 ||| PLANNING D:1-11
   242 | D:1      | Reached skill level 6 in Ranged Weapons
   242 | D:1      | Reached XP level 2. HP: 16/16 MP: 4/4
   765 | D:1      | 765 ||| READING scroll labelled KOFOOM NASOQE.
   766 | D:1      | 766 ||| READING 3 scrolls labelled YKHAPR OWKAL.
   766 | D:1      | 766 ||| IDENTIFYING black potion
   767 | D:1      | 767 ||| READING 2 scrolls of identify.
   767 | D:1      | 767 ||| IDENTIFYING smoky green potion
   768 | D:1      | 768 ||| DROPPING scroll of butterflies.
   912 | D:2      | Reached XP level 3. HP: 20/20 MP: 5/5
   954 | D:2      | Identified the ring "Faiprega" {Fire ^Drain Int-5 Dex+9
                  | SInv}
  1026 | D:2      | Reached skill level 7 in Ranged Weapons
  1447 | D:2      | 1447 ||| UPGRADING to +0 ring mail.
  1457 | D:2      | 1457 ||| DROPPING +0 leather armour.
  1458 | D:2      | 1458 ||| UPGRADING to +1 pair of gloves.
  1463 | D:2      | 1463 ||| UPGRADING to ring "Faiprega" {Fire ^Drain Int-5
                  | Dex+9 SInv}.
  1464 | D:2      | 1464 ||| READING scroll of identify.
  1464 | D:2      | 1464 ||| IDENTIFYING sedimented grey potion
  1465 | D:2      | 1465 ||| READING scroll labelled DOUFFI RAYPS.
  1465 | D:2      | 1465 ||| ENCHANTING +1 pair of gloves.
  1466 | D:2      | 1466 ||| READING scroll labelled ZAEFOE PIVI.
  1467 | D:2      | 1467 ||| DRINKING 2 fuming ruby potions.
  1468 | D:2      | 1468 ||| DRINKING 3 blue potions.
  1469 | D:2      | 1469 ||| DROPPING potion of brilliance.
  1494 | D:3      | Reached skill level 3 in Dodging
  1494 | D:3      | Reached XP level 4. HP: 25/25 MP: 6/6
  1566 | D:3      | Reached skill level 8 in Ranged Weapons
  1566 | D:3      | Reached XP level 5. HP: 24/29 MP: 7/7
  1579 | D:3      | 1579 ||| DRINKING 2 potions of curing.
  1579 | D:3      | 1579 ||| (to cure confusion)
  1716 | D:3      | 1716 ||| READING scroll of identify.
  1716 | D:3      | 1716 ||| IDENTIFYING purple potion
  1717 | D:3      | 1717 ||| READING scroll labelled XOMMOE CEIHY.
  1728 | D:3      | 1728 ||| DROPPING potion of attraction.
  1957 | D:3      | 1957 ||| UPGRADING to ring of willpower.
  1958 | D:3      | 1958 ||| READING scroll labelled ZIANAU ARILE.
  1970 | D:3      | 1970 ||| DRINKING 3 metallic inky potions.
  1992 | D:3      | 1992 ||| DROPPING 2 potions of lignification.
  2020 | D:3      | Reached skill level 9 in Ranged Weapons
  2043 | D:3      | HP: 7/30 [burnt (3)]
  2157 | D:3      | Reached XP level 6. HP: 35/35 MP: 8/8
  2327 | D:4      | Identified the +0 leather armour "Burheox" {Str+2}
  2387 | D:4      | Reached skill level 10 in Ranged Weapons
  2512 | D:4      | Found Hywaarph's General Store.
  2544 | D:4      | Found Mamux's Antique Armour Emporium.
  2545 | D:4      | 2545 ||| BUYING potion of heal wounds (50 gold).
  2545 | D:4      | Bought a potion of heal wounds for 50 gold pieces
  2550 | D:4      | 2550 ||| DROPPING +0 leather armour "Burheox" {Str+2}.
  2576 | D:4      | Found Heritil's Weapon Shop.
  2586 | D:4      | 2586 ||| SHOPLISTING +1 orcbow of flaming (172 gold, have
                  | 94).
  2592 | D:4      | Noticed Grinder
  2593 | D:4      | 2593 ||| DRINKING potion of haste.
  2608 | D:4      | Killed Grinder
  2609 | D:4      | Reached XP level 7. HP: 23/40 MP: 9/9
  2835 | D:4      | Found Atareis's Antique Weapon Shop.
  2843 | D:4      | 2843 ||| SHOPLISTING arbalest (121 gold, have 94).
  2965 | D:4      | Found Toboumur's Book Boutique.
  3076 | D:4      | 3076 ||| SHOPLISTING helmet (130 gold, have 123).
  3076 | D:4      | 3076 ||| SHOPLISTING pair of boots (130 gold, have 123).
  3076 | D:4      | 3076 ||| SHOPLISTING twisted ring mail (261 gold, have
                  | 123).
  3239 | D:4      | 3239 ||| READING scroll of identify.
  3239 | D:4      | 3239 ||| IDENTIFYING dark potion
  3240 | D:4      | 3240 ||| READING scroll labelled ZAKLAH VIET.
  3241 | D:4      | 3241 ||| READING scroll labelled RIOMOTATYWN.
  3241 | D:4      | Identified a scroll of acquirement
  3241 | D:4      | 3241 ||| ACQUIRING +2 shortbow of freezing
  3241 | D:4      | Acquired a +2 shortbow of freezing
  3243 | D:4      | 3243 ||| SWAPPING to +2 shortbow of freezing.
  3244 | D:4      | 3244 ||| DROPPING +0 shortbow.
  3261 | D:5      | Entered Level 5 of the Dungeon
  3302 | D:5      | Reached skill level 1 in Armour
  3445 | D:5      | Noticed a yak
  3446 | D:5      | 3446 ||| DRINKING potion of haste.
  3446 | D:5      | Noticed a yak
  3451 | D:5      | Noticed a yak
  3455 | D:5      | Killed a yak
  3456 | D:5      | Reached skill level 11 in Ranged Weapons
  3467 | D:5      | Killed a yak
  3468 | D:5      | Reached XP level 8. HP: 43/44 MP: 10/10
  3471 | D:5      | Reached skill level 12 in Ranged Weapons
  3485 | D:5      | Found a transporter.
  3485 | D:5      | Noticed qw's ghost (novice DjHu)
  3565 | D:5      | Noticed Pikel
  3566 | D:5      | 3566 ||| RETREEEEATING.
  3577 | D:5      | 3577 ||| RETREEEEATING.
  3578 | D:5      | 3578 ||| RETREEEEATING.
  3583 | D:5      | Killed Pikel
  3680 | D:5      | Found a transporter.
  3786 | D:5      | Reached XP level 9. HP: 53/53 MP: 11/11
  3923 | D:5      | Reached skill level 13 in Ranged Weapons
  3927 | D:5      | Reached skill level 6 in Dodging
  4089 | D:5      | 4089 ||| READING scroll labelled VAIS BOFEW.
  4090 | D:5      | 4090 ||| DROPPING wand of flame (16).
  4092 | D:5      | 4092 ||| Stepping ~*~*~tactically~*~*~ (cloud).
  4238 | D:6      | 4238 ||| STAIRDANCE
  4346 | D:6      | Identified the +1 pair of boots of Metugo {rF+}
  4437 | D:6      | Reached skill level 14 in Ranged Weapons
  4557 | D:6      | Found a staircase to the Ecumenical Temple.
  4558 | D:6      | 4558 ||| PLANNING TEMPLE
  4558 | D:6      | 4558 ||| UPGRADING to +1 pair of boots of Metugo {rF+}.
  4563 | D:6      | 4563 ||| UPGRADING to +5 ring of evasion.
  4565 | D:6      | 4565 ||| DROPPING ring of willpower.
  4566 | D:6      | 4566 ||| READING scroll of identify.
  4566 | D:6      | 4566 ||| IDENTIFYING metallic coppery potion
  4567 | D:6      | 4567 ||| READING scroll labelled LETEOXK ZASHO.
  4567 | D:6      | 4567 ||| ENCHANTING +2 shortbow of freezing.
  4568 | D:6      | 4568 ||| DROPPING potion of degeneration.
  4576 | Temple   | Entered the Ecumenical Temple
  4577 | Temple   | 4577 ||| PLANNING OKAWARU WORSHIP
  4591 | Temple   | Became a worshipper of Warmaster Okawaru
  4592 | Temple   | 4592 ||| PLANNING D:1-11
  4846 | D:6      | 4846 ||| UPGRADING to +0 fire dragon scales.
  4856 | D:6      | 4856 ||| READING scroll of identify.
  4856 | D:6      | 4856 ||| IDENTIFYING ruby potion
  4857 | D:6      | 4857 ||| DROPPING potion of ambrosia.
  4878 | D:7      | 4878 ||| STAIRDANCE
  4913 | D:7      | 4913 ||| STAIRDANCE
  4973 | D:7      | Found a snail-covered altar of Cheibriados.
  5160 | D:7      | 5160 ||| READING scroll of enchant weapon.
  5160 | D:7      | 5160 ||| ENCHANTING +3 shortbow of freezing.
  5196 | D:7      | Noticed Joseph
  5196 | D:7      | Noticed Duvessa
  5198 | D:7      | Noticed Dowan
  5205 | D:7      | Killed Duvessa
  5206 | D:7      | Reached skill level 3 in Armour
  5206 | D:7      | HP: 13/53 [Joseph/sling bullet (6)]
  5207 | D:7      | 5207 ||| READING 2 scrolls of teleportation.
  5208 | D:7      | 5208 ||| DRINKING 3 potions of heal wounds.
  5286 | D:7      | HP: 7/53 [Joseph/sling bullet (10)]
  5287 | D:7      | 5287 ||| READING scroll of teleportation.
  5287 | D:7      | Shot with a sling bullet by Joseph

Levels and vault maps discovered:
D:1:      arrival_zaba_pyramid, layout_basic, minmay_misc_feat_room,
          serial_bayou_pond_d
D:2:      layout_loops_ring, serial_undead, serial_undead_b, serial_undead_f,
          serial_undead_d, serial_undead_d
D:3:      layout_rooms, minmay_joined_circles
D:4:      layout_basic, serial_shops, nicolae_shop_window_shopping, shop, shop,
          nicolae_shop_bloodbath_and_beyond, shop, uniq_grinder
D:5:      layout_basic, gammafunk_ghost_arena, chequers_big_river, uniq_pikel
D:6:      layout_cave_pools, minmay_temple_entry_butterflies, kennysheep_path_1
D:7:      layout_basic, kennysheep_slug_shrine, uniq_duvessa, uniq_joseph
Temple:   nicolae_temple_bog_church

Skill      XL: |  1  2  3  4  5  6  7  8  9 |
---------------+----------------------------+-----
Ranged Weapons | 6 7 8 9 10 11 12 14 | 14.0
Dodging        | 3 5 7 |  7.1
Fighting       | 2 4 |  4.8
Armour         | 1 3 |  3.0
Stealth        | |  1.2

Action                     |  1- 3 |  4- 6 |  7- 9 || total
---------------------------+-------+-------+-------++-------
   Fire: Shortbow          |   126 |   192 |   299 ||   617
    Use: Scroll            |     6 |     3 |    10 ||    19
         Potion            |     2 |     3 |     2 ||     7
 Armour: Leather armour    |    26 |       |       ||    26
         Ring mail         |       |    57 |    33 ||    90
         Fire dragon scale |       |       |    12 ||    12
  Dodge: Dodged            |    50 |    67 |    66 ||   183

Table legend:
 A = Non-vault XP
 B = Vault XP
 C = Vault XP percentage of total XP
 D = Non-vault monster count
 E = Vault monster count
 F = Vault count percentage of total count
                 A         B        C        D         E       F
            +---------+---------+-------+---------+---------+-------
      Total |    3152 |    1175 |  27.2 |     130 |      25 |  16.1
            +---------+---------+-------+---------+---------+-------
        D:1 |      25 |       0 |   0.0 |      16 |       0 |   0.0
        D:2 |      44 |      10 |  18.5 |      12 |       4 |  25.0
        D:3 |     169 |     132 |  43.9 |      23 |      17 |  42.5
        D:4 |     349 |     277 |  44.2 |      23 |       1 |   4.2
        D:5 |    1560 |     617 |  28.3 |      25 |       1 |   3.8
        D:6 |     891 |       0 |   0.0 |      27 |       0 |   0.0
        D:7 |     114 |     139 |  54.9 |       4 |       2 |  33.3
            +---------+---------+-------+---------+---------+-------
